 Dungeon Crawl Stone Soup version 0.27-a0-223-ge082b6e869 (webtiles) character file.

Game seed: 11363168987618233324

1042 knot the Chopper (level 8, 46/58 HPs)
             Began as a Demonspawn Berserker on Feb 2, 2021.
             Was a Believer of Trog.
             Quit the game on level 6 of the Dungeon.
             The game lasted 00:07:31 (7368 turns).

knot the Chopper (Demonspawn Berserker)             Turns: 7368, Time: 00:07:31

Health: 46/58      AC:  4    Str: 18 (19) XL:     8   Next: 4%
Magic:  8/8        EV: 12    Int:  8 (10) God:    Trog [**....]
Gold:   67         SH:  0    Dex: 12      Spells: 7/7 levels left

rFire    . . .     SeeInvis .   A - +4 battleaxe (vorpal)
rCold    . . .     Faith    .   (shield currently unavailable)
rNeg     . . .     Spirit   .   b - +0 animal skin
rPois    .         Reflect  .   (helmet restricted)
rElec    .         Harm     .   (no cloak)
rCorr    .         Rampage  .   u - +1 pair of gloves
Will     .....                  (no boots)
Stlth    +.........             a - amulet of magic regeneration
HPRegen  0.19/turn              (no ring)
MPRegen  0.36/turn              (no ring)

@: no status effects
A: horns 2, powered by death 1, demonic magic 1
a: Renounce Religion, Berserk, Trog's Hand


You were on level 6 of the Dungeon.
You worshipped Trog.
Trog was pleased with you.
You visited 1 branch of the dungeon, and saw 6 of its levels.

You collected 257 gold pieces.
You spent 190 gold pieces at shops.

Inventory:

Hand Weapons
 A - a +4 vorpal battleaxe (weapon)
Missiles
 c - 163 stones
 o - a throwing net
 s - 16 poisoned darts (quivered)
 y - 2 boomerangs
 B - 22 sling bullets
Armour
 b - a +0 animal skin (worn)
 u - a +1 pair of gloves (worn)
Jewellery
 a - an amulet of magic regeneration (around neck)
Wands
 t - a wand of iceblast (10)
Scrolls
 d - a scroll of magic mapping
 e - 4 scrolls of identify
 f - a scroll of enchant armour
 g - 2 scrolls of fog
 i - 4 scrolls of remove curse
 j - 4 scrolls of amnesia
 l - a scroll of random uselessness
Potions
 h - a potion of mutation
 k - 2 potions of heal wounds
 m - 2 potions of resistance
 p - 5 potions of curing
 v - a potion of ambrosia


   Skills:
 - Level 3.0 Fighting
 * Level 7.6 Axes
 * Level 4.6 Throwing
 - Level 1.7 Armour
 - Level 1.7 Dodging


You had 7 spell levels left.
You didn't know any spells.
Your spell library contained the following spells:

 Spells                   Type           Power        Failure   Level
 Confusing Touch          Hex            0%           78%         3
 Gell's Gravitas          Tloc           0%           78%         3
 Petrify                  Tmut/Erth      0%           99%         4
 Metabolic Englaciation   Hex/Ice        0%           100%        5
 Yara's Violent Unravell  Hex/Tmut       0%           100%        5


Dungeon Overview and Level Annotations

Branches:
Dungeon (6/15)             Temple (0/1) D:4

Altars:
Ashenzari
Fedhas
Xom

Shops:
D:5 (   D:6 *


Innate Abilities, Weirdness & Mutations

You have a pair of horns on your head.
You regenerate a little health from kills.
Spells you cast may paralyse adjacent enemies.


Message History

No target in view!
No target in view!
No target in view!
No target in view!
No target in view!
A bullfrog is nearby!
The bullfrog misses you. The bullfrog hits you!
Found Rathryug's Retail Resort.
You slash the bullfrog!
The bullfrog is severely wounded.
The bullfrog hits you but does no damage.
The bullfrog hits you.
You slash the bullfrog!
You kill the bullfrog!
Trog accepts your kill.
You feel your dexterity returning.
You have reached level 8!
You feel stronger.
Your demonic ancestry asserts itself...
A menacing aura infuses your magic.
Are you sure you want to abandon this character and quit the game? (Confirm with "yes".)

#.......
#.......
###.......
#......#.#
#......#.#
#......#.#
#.$....#.#
#####...<#
#..@..#
#...†.#
#.....#
.........
.##.......∩
#
#####...(..
###...+
....


There were no monsters in sight!

Vanquished Creatures
  Sigmund (D:4)
  A sky beast (D:6)
  An ogre (D:5)
  A bullfrog (D:6)
  A hound (D:4)
  A quasit (D:5)
  A bullfrog skeleton (D:4)
  A gnoll shaman (D:4)
  Ijyb (D:3)
  Terence (D:3)
  An iguana (D:5)
  5 orc wizards
  4 worker ants
  8 gnolls
  5 adders
  A shadow imp (D:5)
  An ufetubus (D:5)
  2 oozes
  An adder skeleton (D:5)
  2 worms (D:2)
  5 leopard geckos
  5 orcs
  5 bats
  2 giant cockroaches (D:4)
  4 goblins
  8 hobgoblins
  4 jackals
  5 quokkas
  6 ball pythons
  4 frilled lizards
  3 giant cockroach zombies
  9 kobolds
  11 rats
111 creatures vanquished.

Vanquished Creatures (others)
  A plant (D:4)
1 creature vanquished.

Grand Total: 112 creatures vanquished

Notes
Turn   | Place    | Note
-------+----------+-------------------------------------------
     0 | D:1      | knot the Demonspawn Berserker began the quest for the Orb.
     0 | D:1      | Reached XP level 1. HP: 18/18 MP: 1/1
   121 | D:1      | Reached skill level 3 in Axes
   258 | D:1      | Gained mutation: You regenerate a little health from kills.
                  | [demonic ancestry]
   258 | D:1      | Reached XP level 2. HP: 7/24 MP: 2/2
   743 | D:1      | Gained mutation: You have a pair of small horns on your
                  | head. [demonic ancestry]
   743 | D:1      | Reached XP level 3. HP: 29/29 MP: 3/3
  1139 | D:1      | Reached ** piety under Trog
  1140 | D:1      | Reached skill level 4 in Axes
  1611 | D:2      | Found a faded altar of an unknown god.
  1917 | D:2      | Gained mutation: You have a pair of horns on your head.
                  | [demonic ancestry]
  1917 | D:2      | Reached XP level 4. HP: 29/35 MP: 4/4
  2818 | D:3      | Found a shimmering altar of Xom.
  2819 | D:3      | Noticed Terence
  2830 | D:3      | Killed Terence
  2831 | D:3      | Reached skill level 5 in Axes
  2933 | D:3      | Reached XP level 5. HP: 41/41 MP: 5/5
  3484 | D:3      | Noticed Ijyb
  3492 | D:3      | Killed Ijyb
  3815 | D:4      | Found a blossoming altar of Fedhas.
  3865 | D:4      | Reached skill level 1 in Throwing
  4108 | D:4      | Reached skill level 6 in Axes
  4108 | D:4      | Reached XP level 6. HP: 47/47 MP: 6/6
  4272 | D:4      | Noticed Sigmund
  4283 | D:4      | Killed Sigmund
  4699 | D:4      | Reached XP level 7. HP: 38/52 MP: 7/7
  5091 | D:4      | Found a staircase to the Ecumenical Temple.
  5770 | D:5      | Entered Level 5 of the Dungeon
  5770 | D:5      | Found a blossoming altar of Fedhas.
  5996 | D:5      | Found Omeranal's Antique Weapon Boutique.
  6004 | D:5      | Bought a runed battleaxe for 190 gold pieces
  6269 | D:5      | Found a broken altar of Ashenzari.
  6281 | D:5      | Reached skill level 7 in Axes
  7365 | D:6      | Found Rathryug's Retail Resort.
  7368 | D:6      | Gained mutation: Spells you cast may paralyse adjacent
                  | enemies. [demonic ancestry]
  7368 | D:6      | Reached XP level 8. HP: 46/58 MP: 8/8
  7368 | D:6      | Quit the game

Illustrated notes

Levels and vault maps discovered:
D:1:      saegor_arrival_fortress, layout_basic
D:2:      layout_basic, chequers_ecumenical_altar_island,
          minmay_shallow_snake_nest
D:3:      layout_basic, lemuel_round_altar, uniq_ijyb, uniq_terence
D:4:      layout_basic, minmay_temple_entry_junction,
          hangedman_abyss_or_decor_lesser_grid, fedhas_ov_isle_minmay,
          uniq_sigmund
D:5:      layout_layer_cave, cheibrodos_ashenzari_chains, serial_shops,
          nicolae_shop_overgrown_old_shop, basic_altar, grunt_decor_fettered
D:6:      layout_basic, nicolae_alphabet_shops

Skill      XL: |  1  2  3  4  5  6  7 |
---------------+----------------------+-----
Axes           | 3 4 5 6 7 |  7.6
Throwing       | 1 2 4 |  4.6
Fighting       | |  3.0
Armour         | |  1.7
Dodging        | |  1.7

Action                   |  1- 3 |  4- 6 |  7- 9 || total
-------------------------+-------+-------+-------++-------
Melee: Hand axe          |   120 |   129 |    52 ||   301
       Headbutt          |    10 |    20 |    15 ||    45
       Battleaxe         |       |       |    62 ||    62
Throw: Dart              |       |     3 |       ||     3
Invok: Berserk           |     6 |     6 |     6 ||    18
       Trog's Hand       |       |     1 |     2 ||     3
  Use: Scroll            |       |       |    11 ||    11
       Potion            |       |       |     7 ||     7
 Stab: Sleeping          |       |     4 |       ||     4
Armor: Animal skin       |    33 |    16 |    23 ||    72
Dodge: Dodged            |    88 |    63 |    78 ||   229

Table legend: (Time is in decaauts)
 A = Elapsed time spent in this place.
 B = Non-inter-level travel time spent in this place.
 C = Inter-level travel time spent in this place.
 D = Time resting spent in this place.
 E = Time spent auto-exploring this place.
 F = Levels seen in this place.
 G = Mean time per level.
                   A        B        C        D        E       F      G
               +--------+--------+--------+--------+--------+-----+--------+
         Total |   7576 |   7338 |    238 |   2471 |   3962 |   6 | 1262.7 |
       Dungeon |   7576 |   7338 |    238 |   2471 |   3962 |   6 | 1262.7 |
               +--------+--------+--------+--------+--------+-----+--------+

Top non-repeatable levels by time:
     D:4: 2216 daAuts
     D:2: 1469 daAuts
     D:5: 1399 daAuts
     D:1: 1306 daAuts
     D:3: 1085 daAuts
     D:6: 100 daAuts
